Map: Babylon LE

Players

swiftfox - Winner!

  • Race: Terran Terran
  • League: Platinum
  • Spawn Location: 11:00

Dagda

  • Race: Protoss Protoss
  • League: Diamond
  • Spawn Location: 5:00

VOD

Have the link to the VOD?

Description

Time

  • Played on: May 30, 2023, 2:46 p.m.
  • Length: 6:28
Show
View Real Time Build Order
Export as new Build Order

swiftfox Terran - Winner!

Build Orders:  

Get SALT Encoding   

  12  0:00  SCV  
  13  0:12  SCV  
  14  0:18  Supply Depot  
  14  0:25  Refinery  
  14  0:29  SCV  
  15  0:42  Barracks  
  15  0:46  SCV  
  16  0:54  Refinery  
  16  1:12  SCV  
  17  1:24  Supply Depot  
  17  1:35  Barracks Reactor, Orbital Command  
  17  1:51  Barracks  
  17  2:02  SCV  
  18  2:11  Marine x2  
  18  2:14  SCV  
  21  2:24  Factory  
  21  2:31  Marine x2  
  21  2:36  SCV  
  24  2:49  Barracks Tech Lab  
  24  2:55  Marine x2  
  24  2:56  Supply Depot  
  24  2:57  SCV  
  27  3:08  Stimpack  
  27  3:16  Starport  
  27  3:19  SCV  
  28  3:23  Factory Tech Lab  
  28  3:32  Supply Depot  
  28  3:39  SCV  
  29  3:45  Siege Tank  
  32  3:50  Marine x3  
  32  3:54  Starport Reactor  
  35  4:02  Supply Depot  
  35  4:08  Marine x3  
  38  4:18  Siege Tank  
  41  4:26  Marine x3  
  44  4:34  Supply Depot  
  44  4:38  Medivac  
  44  4:43  Medivac  
  48  4:47  Marine  
  48  4:48  Marine  
  49  5:00  Siege Tank  
  52  5:26  Marine x3  
  52  5:27  Medivac  
  57  5:29  Medivac  
  57  5:43  Siege Tank  
  57  5:44  Marine x3  
Show
View Real Time Build Order
Export as new Build Order

Dagda Protoss 

Build Orders: 1 Gate Expand 

Get SALT Encoding   

  12  0:00  Probe  
  13  0:12  Probe  
  14  0:21  Pylon  
  14  0:25  Probe  
  15  0:39  Probe  
  15  0:42  Gateway  
  16  0:51  Probe  
  17  1:03  Probe  
  18  1:19  Nexus  
  18  1:27  Probe  
  19  1:33  Cybernetics Core  
  19  1:38  Assimilator  
  19  1:40  Probe  
  20  1:52  Probe  
  21  1:59  Pylon, Assimilator  
  21  2:04  Probe  
  22  2:17  Probe  
  23  2:27  Stalker  
  23  2:29  Probe (Chrono Boost)  
  26  2:36  Pylon  
  25  2:38  Probe (Chrono Boost)  
  27  2:46  Warp Gate  
  27  2:47  Probe (Chrono Boost)  
  27  2:48  Probe (Chrono Boost)  
  28  2:53  Probe (Chrono Boost)  
  28  2:54  Probe (Chrono Boost)  
  30  3:00  Gateway  
  30  3:04  Probe (Chrono Boost)  
  30  3:05  Shield Battery  
  32  3:10  Probe (Chrono Boost)  
  32  3:15  Stargate  
  32  3:20  Stalker  
  32  3:23  Probe (Chrono Boost)  
  32  3:24  Probe (Chrono Boost)  
  36  3:36  Probe (Chrono Boost)  
  36  3:40  Probe (Chrono Boost)  
  38  3:42  Probe (Chrono Boost)  
  38  3:46  Probe  
  40  3:50  Probe  
  40  3:51  Pylon  
  41  3:57  Forge  
  41  3:58  Twilight Council, Probe  
  41  4:02  Probe  
  43  4:03  Assimilator  
  43  4:05  Oracle (Chrono Boost)  
  46  4:10  Probe  
  46  4:14  Probe  
  48  4:17  Assimilator  
  48  4:20  Pylon  
  48  4:22  Probe, Stalker  
  51  4:38  Probe x2  
  53  5:03  Photon Cannon  
  53  5:07  Photon Cannon, Shield Battery  
  53  5:10  Phoenix (Chrono Boost), Shield Battery  
  52  5:15  Pylon  
  52  5:16  Stalker x2  
  52  5:18  Pylon  
  54  5:41  Stalker, Probe x2  
  54  5:42  Stalker  
  60  5:46  Gateway  
  60  5:49  Gateway  
  60  5:51  Pylon  
  58  6:09  Stalker  
  58  6:10  Stalker  
  64  6:14  Pylon  
  64  6:16  Pylon  
Tags
 
Add a new tag
Caveats
  • Supply blocks, unpowered buildings, or Contaminate may cause inaccurate times.
  • Supply counts are checked every 10 seconds.